 Dungeon Crawl Stone Soup version 0.30.0-29-ga12c61a403 (webtiles) character file.

Game seed: 1964090798803304393

2355 Graphine the Chopper (level 9, -13/79 HPs)
             Began as a Hill Orc Fighter on June 20, 2023.
             Mangled by a manticore (16 damage)
             ... on level 6 of the Dungeon.
             The game lasted 00:10:01 (4623 turns).

Graphine the Chopper (Hill Orc Fighter)             Turns: 4623, Time: 00:10:02

Health: -13/79     AC: 14    Str: 27    XL:     9   Next: 44%
Magic:  14/14      EV:  8    Int:  8    God:
Gold:   12         SH:  6    Dex: 10    Spells: 8/8 levels left

rFire   + . .        m - +7 mace "Koratwiz" {freeze, Str+4}
rCold   + . .        c - +1 buckler
rNeg    . . .        f - +0 chain mail
rPois   .            v - +0 helmet
rElec   .            z - +0 cloak
rCorr   .            i - +0 pair of gloves
SInv    .            (no boots)
Will    .....        (no amulet) Stlth
                     b - ring of protection from cold
HPRegen 0.33/turn    u - ring of protection from fire
MPRegen 0.14/turn

%: no passive effects
@: mighty
A: no striking features
a: no special abilities


You were on level 6 of the Dungeon.
You visited 2 branches of the dungeon, and saw 7 of its levels.

You collected 192 gold pieces.
You spent 180 gold pieces at shops.

Inventory:

Hand Weapons
 a - a +0 war axe of freezing
 m - the +7 mace "Koratwiz" (weapon) {freeze, Str+4}
   (You found it on level 3 of the Dungeon)

   Str:       It affects your strength (+4).
Armour
 c - a +1 buckler (worn)
 f - a +0 chain mail (worn)
 i - a +0 pair of gloves (worn)
 s - the +0 leather armour "Rixes" {rElec rN+ SInv}
   (You found it on level 3 of the Dungeon)

   rElec:     It insulates you from electricity.
   rN:        It protects you from negative energy.
   SInv:      It lets you see invisible.
 v - a +0 helmet (worn)
 z - a +0 cloak (worn)
Jewellery
 b - a ring of protection from cold (left hand)
 o - a ring of magical power
 u - a ring of protection from fire (right hand)
Wands
 t - a wand of acid (6)
 y - a wand of polymorph (1)
Scrolls
 e - 3 scrolls of fear
 r - a scroll of magic mapping
 x - a scroll of teleportation
 B - 2 scrolls of enchant weapon
Potions
 g - 2 potions of flight
 h - a potion of haste
 j - a potion of degeneration
 k - a potion of cancellation {unknown}
 l - 3 potions of curing
 n - a potion of mutation {unknown}
 p - a potion of brilliance {unknown}
 q - 2 potions of lignification
 C - a potion of invisibility {unknown}


   Skills:
 + Level 7.5 Fighting
 + Level 7.7 Axes
 + Level 6.9 Armour
 + Level 6.8 Shields
 + Level 7.0 Invocations


You had 8 spell levels left.
You didn't know any spells.
Your spell library contained the following spells:

 Spells                   Type           Power      Damage    Failure   Level
 Magic Dart               Conj           0%         1d3       91%         1
 Searing Ray              Conj           0%         2d4       97%         2
 Call Canine Familiar     Summ           0%         N/A       99%         3
 Portal Projectile        Hex/Tloc       0%         N/A       99%         3
 Fulminant Prism          Conj/Hex       0%         3d5       100%        4
 Leda's Liquefaction      Hex/Erth       0%         N/A       100%        4


Dungeon Overview and Level Annotations

Branches:
Dungeon (6/15)             Temple (1/1) D:4

Altars:
Cheibriados
Dithmenos
Fedhas
Hepliaklqana
Kikubaaqudgha
Nemelex Xobeh
Ru
Vehumet
Wu Jian
Xom
Yredelemnul
Zin

Shops:
D:5 [??


Message History

Something hits you but does no damage. You block the manticore's attack.
The manticore claws you but does no damage.
The manticore completely misses you.
You sock the manticore! You freeze the manticore.
The manticore is moderately wounded.
You block something's attack. Something hits you but does no damage.
The manticore bites you!
The manticore claws you but does no damage.
The manticore completely misses you.
You hit the manticore. You freeze the manticore.
The manticore is moderately wounded.
Something hits you but does no damage. Something hits you.
The manticore bites you!
The manticore claws you but does no damage. x2
Something hits you but does no damage.
You hit the manticore but do no damage.
The manticore is moderately wounded.
Something hits you. You block the manticore's attack.
The manticore claws you but does no damage. x2
Something hits you. You block the manticore's attack.
The manticore claws you. x2
You feel very mighty all of a sudden. Something hits you but does no damage.
The manticore bites you!!
* * * LOW HITPOINT WARNING * * *
The manticore claws you.
* * * LOW HITPOINT WARNING * * *
The manticore claws you.
* * * LOW HITPOINT WARNING * * *
Okay, then.
You sock the manticore! You freeze the manticore.
The manticore is heavily wounded.
Something hits you.
* * * LOW HITPOINT WARNING * * *
You block the manticore's attack. The manticore claws you.
* * * LOW HITPOINT WARNING * * *
The manticore barely misses you.
Sorry, you're not good enough to have a special ability.
You sock the manticore! You freeze the manticore.
The manticore is almost dead.
You block something's attack. The manticore bites you!
You die...

############ #....#.....
## #.##...... ...
##########.##.#..# ####
#........#(##.#.# 8!=8#
#.####...#......#8....8
##.###.........#@'......
..)).)....######.H......
##.#####..# #.#8....8
#.#####..# #.##8:)8#
#........# ... #####
#######+## ##+ ##...##
## ##.....#.# .#
##..<.....#


You could see a manticore.

Vanquished Creatures
  Pikel (D:5)
  The ghost of Josd the Shooter, an amateur MiHu (D:4)
  Prince Ribbit (D:5)
  Sigmund (D:2)
  Eustachio (D:4)
  2 water moccasins (D:5)
  A black bear (D:6)
  An ogre (D:5)
  A phantom (D:6)
  2 lemures (D:5)
  A bullfrog (D:3)
  A howler monkey (D:4)
  3 jellies
  3 hounds
  Crazy Yiuf (D:4)
  An iguana (D:5)
  Ijyb (D:5)
  2 orc wizards
  Natasha (thrice) (D:2)
  The ghost of zacktheperson the Sneak, a weakling NaDe (D:4)
  6 gnolls (D:4)
  10 adders
  A white imp (D:5)
  An ufetubus (D:3)
  The ghost of dvd2 the Covert, a weakling GnDe (D:5)
  2 dart slugs (D:4)
  11 orcs
  5 endoplasms
  A giant cockroach (D:2)
  4 goblins
  8 hobgoblins
  10 jackals
  6 kobolds
  3 quokkas
  6 ball pythons
  7 bats
  A frilled lizard (D:3)
  10 rats
122 creatures vanquished.

Notes
Turn   | Place    | Note
-------+----------+-------------------------------------------
     0 | D:1      | Graphine the Hill Orc Fighter began the quest for the Orb.
     0 | D:1      | Reached XP level 1. HP: 19/19 MP: 1/1
    68 | D:1      | Reached XP level 2. HP: 26/27 MP: 2/2
    84 | D:1      | Reached skill level 1 in Invocations
   295 | D:1      | Reached XP level 3. HP: 31/33 MP: 3/3
   585 | D:1      | Found a faded altar of an unknown god.
  1043 | D:2      | Noticed Sigmund
  1052 | D:2      | Killed Sigmund
  1053 | D:2      | Reached XP level 4. HP: 30/41 MP: 4/6
  1053 | D:2      | Reached XP level 5. HP: 34/47 MP: 4/7
  1192 | D:2      | Found a basalt altar of Yredelemnul.
  1346 | D:2      | Reached XP level 6. HP: 53/53 MP: 8/8
  1561 | D:2      | Noticed Natasha
  1568 | D:2      | Killed Natasha
  1967 | D:2      | Noticed Natasha
  1975 | D:2      | Killed Natasha
  2052 | D:2      | Noticed Natasha
  2054 | D:2      | Killed Natasha
  2091 | D:3      | Identified the +7 mace "Koratwiz" {freeze, Str+4}
  2188 | D:3      | Found a shadowy altar of Dithmenos.
  2197 | D:3      | Identified the +0 leather armour "Rixes" {rElec rN+ SInv}
  2262 | D:3      | Reached skill level 5 in Fighting
  2751 | D:3      | Found a basalt altar of Yredelemnul.
  2755 | D:3      | Found a bloodstained altar of Trog.
  2755 | D:3      | Found an ancient bone altar of Kikubaaqudgha.
  2758 | D:3      | Found a basalt altar of Yredelemnul.
  2758 | D:3      | Found an opulent altar of Gozag.
  2758 | D:3      | Found a shimmering altar of Xom.
  2818 | D:4      | Found a staircase to the Ecumenical Temple.
  2838 | D:4      | Reached XP level 7. HP: 44/61 MP: 9/9
  2842 | Temple   | Entered the Ecumenical Temple
  2969 | D:4      | Reached skill level 5 in Axes
  3064 | D:4      | Found a sparkling altar of Nemelex Xobeh.
  3082 | D:4      | Found a runed translucent gate.
  3083 | D:4      | Found a runed translucent gate.
  3088 | D:4      | Found a runed translucent gate.
  3119 | D:4      | Noticed Josd's ghost (amateur MiHu)
  3119 | D:4      | Noticed zacktheperson's ghost (weakling NaDe)
  3213 | D:4      | Reached skill level 5 in Armour
  3213 | D:4      | Found an ancient bone altar of Kikubaaqudgha.
  3268 | D:4      | Found a runed translucent door.
  3269 | D:4      | Noticed Crazy Yiuf
  3324 | D:4      | Noticed Eustachio
  3339 | D:4      | Killed Eustachio
  3340 | D:4      | Reached skill level 5 in Shields
  3459 | D:4      | Killed zacktheperson's ghost
  3466 | D:4      | Killed Josd's ghost
  3467 | D:4      | Reached skill level 5 in Invocations
  3467 | D:4      | Reached XP level 8. HP: 32/70 MP: 11/11
  3658 | D:4      | Killed Crazy Yiuf
  3706 | D:5      | Entered Level 5 of the Dungeon
  3788 | D:5      | Found Ofeg's Magic Scroll Shoppe.
  3834 | D:5      | Noticed an animated crystal plate armour
  3836 | D:5      | Found Zioduphi's Armour Boutique.
  3867 | D:5      | Noticed an animated shadow dragon scales
  3876 | D:5      | Noticed Prince Ribbit
  3883 | D:5      | Noticed Ijyb
  3890 | D:5      | Killed Ijyb
  3894 | D:5      | Killed Prince Ribbit
  3946 | D:5      | Found a large runed translucent door.
  3954 | D:5      | Found a large runed translucent door.
  3955 | D:5      | Noticed dvd2's ghost (weakling GnDe)
  4211 | D:5      | Reached XP level 9. HP: 70/78 MP: 13/13
  4242 | D:5      | Found Inoaplef's Magic Scroll Emporium.
  4245 | D:5      | Bought a scroll of enchant weapon for 90 gold pieces
  4245 | D:5      | Bought a scroll of enchant weapon for 90 gold pieces
  4355 | D:5      | Noticed Pikel
  4364 | D:5      | Killed Pikel
  4487 | D:5      | Killed dvd2's ghost
  4610 | D:6      | Found a large runed translucent door.
  4612 | D:6      | Noticed a manticore
  4613 | D:6      | Found a large runed translucent door.
  4622 | D:6      | HP: 2/79 [manticore (5)]
  4623 | D:6      | Mangled by a manticore

Illustrated notes

Levels and vault maps discovered:
D:1:      matt_arrival_grand_opening, layout_basic,
          dilly_ecumenical_altar_fadedgnrine, minmay_misc_feat_enclosed
D:2:      layout_basic, basic_altar, moated_statue, uniq_sigmund, uniq_natasha
D:3:      layout_loops_ring, doesnt_xom_only_xom,
          nicolae_dithmenos_through_a_glass_darkly
D:4:      layout_rooms, mainiacjoe_overflow_small_starburst, lemuel_round_altar,
          minmay_temple_entry_wispy, gammafunk_ghost_cemetery, uniq_eustachio,
          uniq_crazy_yiuf_cottage
D:5:      layout_basic, ebering_ghost_disaster_area, serial_shops,
          nicolae_shop_mannequins, nicolae_shop_window_shopping,
          nicolae_shop_rolled_up, uniq_pikel, uniq_prince_ribbit1, uniq_ijyb
D:6:      layout_loops_corners, trog_hazing_becter, evilmike_ruin_ashenzari,
          minmay_hollow_rounded_squares, uniq_grinder
Temple:   nicolae_temple_ecumenical_triangle

Skill      XL: |  1  2  3  4  5  6  7  8  9 |
---------------+----------------------------+-----
Axes           | 3 4 6 7 |  7.7
Invocations    | 1 2 3 5 6 7 |  7.0
Fighting       | 4 5 6 7 |  7.5
Armour         | 4 5 6 |  6.9
Shields        | 4 5 6 |  6.8

Action                     |  1- 3 |  4- 6 |  7- 9 || total
---------------------------+-------+-------+-------++-------
  Melee: War axe           |    89 |    70 |       ||   159
         Mace              |       |    30 |   156 ||   186
         Unarmed           |       |       |     5 ||     5
    Use: Scroll            |     2 |     5 |     6 ||    13
         Potion            |       |       |     2 ||     2
 Armour: Chain mail        |    63 |    46 |    96 ||   205
  Dodge: Dodged            |    36 |    40 |    61 ||   137
  Block: Buckler           |    25 |    21 |    60 ||   106
